 Dungeon Crawl Stone Soup version 0.27-a0-931-g5a74e75d8f (webtiles) character file.

Game seed: 14723626704494788571

9 Alarkh the Insei (level 2, 22/22 HPs)
             Began as a Demonspawn Gladiator on Apr 10, 2021.
             Got out of the dungeon alive.
             The game lasted 00:01:23 (528 turns).

Alarkh the Insei (Demonspawn Gladiator)              Turns: 528, Time: 00:01:24

Health: 22/22      AC:  6    Str: 14    XL:     2   Next: 3%
Magic:  2/2        EV: 12    Int:  9    God:
Gold:   61         SH:  0    Dex: 14    Spells: 1/1 levels left

rFire    . . .     SeeInvis .     - Unarmed
rCold    . . .     Faith    .   (no shield)
rNeg     . . .     Spirit   .   a - +0 leather armour
rPois    .         Reflect  .   b - +0 helmet
rElec    .         Harm     .   (no cloak)
rCorr    .         Rampage  .   (no gloves)
Will     .....                  (no boots)
Stlth    +.........             (no amulet)
HPRegen  0.07/turn              (no ring)
MPRegen  0.08/turn              (no ring)

@: no status effects
A: slimy green scales 1
a: no special abilities


You escaped.
You visited 1 branch of the dungeon, and saw 1 of its levels.

You collected 61 gold pieces.

Inventory:

Missiles
 c - 3 throwing nets (quivered)
Armour
 a - a +0 leather armour (worn)
 b - a +0 helmet (worn)
Scrolls
 e - 2 scrolls of noise {unknown}
 h - a scroll of summoning {unknown}
 i - a scroll of immolation {unknown}
Potions
 d - a potion of berserk rage {unknown}
 f - 2 potions of degeneration {unknown}
 g - a potion of resistance {unknown}


   Skills:
 + Level 2.2 Fighting
 - Level 1.7 Throwing
 - Level 2.6 Dodging
 * Level 3.1 Unarmed Combat


You had one spell level left.
You didn't know any spells.
Your spell library was empty.

Dungeon Overview and Level Annotations

Branches:
Dungeon (1/15)

Altars:


Innate Abilities, Weirdness & Mutations

You are partially covered in slimy green scales. (AC +2)


Message History

e - 2 scrolls labelled CELOOT NOSH (gained 1) As you open the door, it creaks loudly!
There is an open door here.
You now have 28 gold pieces (gained 14).
f - 2 blue potions (gained 1)
You now have 44 gold pieces (gained 16).
You now have 61 gold pieces (gained 17).
You open the door.
Found a spear.
No target in view!
There is an open door here.
You open the door.
There is an open door here.
Found a leather armour.
h - a scroll labelled GAILUTYBUY
i - a scroll labelled MASHRU GUN EFF No target in view!
An endoplasm comes into view.
Found a runed dagger.
An endoplasm is nearby!
An endoplasm is nearby!
The helpless endoplasm fails to defend itself.
You hit the endoplasm.
The endoplasm is heavily wounded.
The endoplasm barely misses you.
You hit the endoplasm.
You kill the endoplasm!
You have reached level 2!
Your demonic ancestry asserts itself...
Slimy green scales grow over part of your body.
Unknown command.
As you open the door, it creaks loudly!
There is an open door here.
You open the door.
There is an open door here.
There is a stone staircase leading down here.
There is an escape hatch in the floor here.
There is a staircase leading out of the dungeon here.
Are you sure you want to leave the Dungeon?
This will make you lose the game!
You have escaped!

.....# ##'## #.#
.....# #.# #.#
.....# #.# #.#
###################
# #>.............#
###..#..#..#..#..#
##...............#
.................#
##.>............@#
#...............#
#...............#
##..#..#..#..#..#
#>.............#
################


There were no monsters in sight!

Vanquished Creatures
  2 endoplasms (D:1)
  A giant cockroach (D:1)
  A hobgoblin (D:1)
  A kobold (D:1)
  2 frilled lizards (D:1)
  A rat (D:1)
8 creatures vanquished.

Notes
Turn   | Place    | Note
-------+----------+-------------------------------------------
     0 | D:1      | Alarkh the Demonspawn Gladiator began the quest for the
                  | Orb.
     0 | D:1      | Reached XP level 1. HP: 16/16 MP: 1/1
    99 | D:1      | Reached skill level 3 in Unarmed Combat
   434 | D:1      | Gained mutation: You are partially covered in slimy green
                  | scales. (AC +2) [demonic ancestry]
   434 | D:1      | Reached XP level 2. HP: 22/22 MP: 2/2
   528 | D:$      | Got out of the dungeon alive.

Illustrated notes

Levels and vault maps discovered:
D:1:      lemuel_arrival_broad_hall, layout_loops_corners,
          shapermc_ecumenical_altar_mp_highgroup, glass_columns_b,
          minmay_misc_feat_pillars, minmay_pentomino_u4

Skill      XL: |  1 |
---------------+----+-----
Unarmed Combat | 3 |  3.1
Fighting       | |  2.2
Throwing       | |  1.7
Dodging        | |  2.6

Action                   || total
-------------------------++-------
Melee: Unarmed           ||    22
 Stab: Sleeping          ||     1
Armor: Leather armour    ||     9
Dodge: Dodged            ||    20

Table legend: (Time is in decaauts)
 A = Elapsed time spent in this place.
 B = Non-inter-level travel time spent in this place.
 C = Inter-level travel time spent in this place.
 D = Time resting spent in this place.
 E = Time spent auto-exploring this place.
 F = Levels seen in this place.
 G = Mean time per level.
                   A        B        C        D        E       F      G
               +--------+--------+--------+--------+--------+-----+--------+
         Total |    527 |    434 |     93 |     88 |    289 |   1 |  527.0 |
       Dungeon |    527 |    434 |     93 |     88 |    289 |   1 |  527.0 |
               +--------+--------+--------+--------+--------+-----+--------+

Top non-repeatable levels by time:
     D:1: 527 daAuts
